 Dungeon Crawl Stone Soup version 0.25-b1-37-g2669288c55 (webtiles) character file.

Game seed: 2666638543871032906

212 NebNelluc the Chopper (level 6, -2/48 HPs)
             Began as a Human Berserker on June 5, 2020.
             Was a Believer of Trog.
             Slain by a rime drake (7 damage)
             ... on level 5 of the Dungeon.
             The game lasted 00:39:05 (1954 turns).

NebNelluc the Chopper (Human Berserker)             Turns: 1954, Time: 00:39:17

Health: -2/48      AC:  5    Str: 18    XL:     6   Next: 14%
Magic:  6/6        EV:  7    Int:  7    God:    Trog [**....]
Gold:   27         SH: 11    Dex: 14    Spells: 5/5 levels left

rFire    . . .     SeeInvis .   a - +0 hand axe
rCold    . . .     Gourm    .   A - +0 tower shield
rNeg     . . .     Faith    .   i - +0 ring mail
rPois    .         Spirit   .   (no helmet)
rElec    .         Reflect  .   (no cloak)
rCorr    .         Harm     .   (no gloves)
MR       .....                  (no boots)
Stlth    +.........             (no amulet)
HPRegen  0.16/turn              (no ring)
MPRegen  0.10/turn              (no ring)

@: frozen, very slow
A: no striking features
a: Berserk, Trog's Hand, Renounce Religion


You were on level 5 of the Dungeon.
You worshipped Trog.
Trog was pleased with you.
You were hungry.

You visited 1 branch of the dungeon, and saw 4 of its levels.

You collected 27 gold pieces.

Inventory:

Hand Weapons
 a - a +0 hand axe (weapon)
 h - a +0 club
 l - a +0 club
 m - a +0 short sword
 p - a +0 hand axe
 w - a +0 mace
 y - a +0 hunting sling
 z - a +0 dagger
 B - a +0 dagger
 C - a +1 dagger of electrocution
 D - a +0 flail of venom
Missiles
 e - 14 bolts (quivered)
Armour
 b - a +0 animal skin
 i - a +0 ring mail (worn)
 k - a cursed +0 leather armour
 x - a +0 leather armour
 A - a +0 tower shield (worn)
 E - a +0 scale mail
Wands
 t - a wand of polymorph (12)
Scrolls
 d - 2 scrolls of remove curse
 f - a scroll of magic mapping {unknown}
 g - a scroll of teleportation {unknown}
 o - a scroll of immolation
 r - a scroll of blinking {unknown}
 v - a scroll of fear {unknown}
Potions
 j - a potion of curing {unknown}
 n - a potion of berserk rage {unknown}
 q - a potion of degeneration {unknown}
 s - a potion of cancellation
 u - 2 potions of stabbing {unknown}
Comestibles
 c - a ration


   Skills:
 + Level 3.7 Fighting
 + Level 4.5 Axes
 + Level 3.3 Armour
 + Level 2.9 Dodging
 + Level 0.1 Stealth
 + Level 0.7 Shields


You had 5 spell levels left.
You didn't know any spells.
Your spell library was empty.

Dungeon Overview and Level Annotations

Branches:
Dungeon (4/15)
 Temple: D:4-7

Altars:

Shops:
D:4 *


Message History

Aiming: Polymorph
Press: ? - help, Shift-Dir - straight line, f - orc wizard
Aim: an orc wizard, wielding a +0 dagger and wearing a +0 robe (chance to defeat MR: 46%)
The orc wizard evaporates and reforms as a rime drake!
The worker ant waves its antennae.
Press: ? - help, v - describe, . - travel
Here: a rime drake The floor.
A centaur comes into view.
The rime drake breathes ice at you. The flash freeze hits you!!
Ouch! That really hurt!
You are encased in ice.
It was a potion of cancellation.
You feel magically purged.
The centaur shouts!
You hear a shout!
The orc priest mumbles some strange prayers to Beogh against you.
Pain shoots through your body!
* * * LOW HITPOINT WARNING * * *
The rime drake bites you!
You die...

#
####.#####
#.@..a....
#ko..####.
#c)###
.o..
##.o#.
#..#..
#..# #.
#..# #.


You could see a rime drake (catching breath), a centaur, a worker ant, 2 orc
priests and an orc.

Vanquished Creatures
  2 orc priests (D:4)
  3 orc wizards (D:2)
  3 adders
  An ooze (D:1)
  A leopard gecko (D:4)
  2 orcs (D:4)
  A ball python (D:2)
  2 giant cockroaches (D:1)
  2 goblins (D:1)
  5 hobgoblins (D:1)
  A quokka (D:2)
  7 bats (D:1)
  7 frilled lizards
  6 kobolds
  3 rats
46 creatures vanquished.

Notes
Turn   | Place    | Note
-------+----------+-------------------------------------------
     0 | D:1      | NebNelluc the Human Berserker began the quest for the Orb.
     0 | D:1      | Reached XP level 1. HP: 18/18 MP: 1/1
    85 | D:1      | Reached XP level 2. HP: 3/24 MP: 2/2
   486 | D:1      | Reached XP level 3. HP: 26/29 MP: 3/3
   927 | D:2      | Found a faded altar of an unknown god.
  1086 | D:2      | Reached XP level 4. HP: 35/35 MP: 4/4
  1183 | D:2      | Reached skill level 4 in Axes
  1443 | D:2      | Reached XP level 5. HP: 41/41 MP: 5/5
  1672 | D:2      | You fall into a shaft and drop 2 floors!
  1692 | D:4      | Reached ** piety under Trog
  1692 | D:4      | Reached XP level 6. HP: 31/48 MP: 6/6
  1692 | D:4      | HP: 2/48 [orc/exploding inner flame[the player character]
                  | (29)]
  1942 | D:4      | Found Teotum's General Store.
  1951 | D:4      | You fall into a shaft and drop 1 floor!
  1951 | D:5      | Entered Level 5 of the Dungeon
  1952 | D:5      | Noticed a rime drake
  1952 | D:5      | an orc wizard changed into a rime drake
  1954 | D:5      | Slain by a rime drake

Illustrated notes

Levels and vault maps discovered:
D:1:      dpeg_arrival_short_road, layout_rooms
D:2:      layout_loops_cross, chequers_ecumenical_altar_simple_redux,
          uniq_sigmund
D:4:      layout_basic, grunt_temple_overflow_magic_moments, serial_shops,
          shop_fountains, minmay_misc_feat_iff
D:5:      layout_loops_ring, minmay_overflow_temple_star_quad,
          kennysheep_slug_shrine, kb_lookout_dungeons_type

Skill      XL: |  1  2  3  4  5 |
---------------+----------------+-----
Axes           | 4 |  4.5
Armour         | 3 |  3.3
Fighting       | |  3.7
Dodging        | |  2.9
Stealth        | |  0.1
Shields        | |  0.7

Action                   |  1- 3 |  4- 6 || total
-------------------------+-------+-------++-------
Melee: Hand axe          |    78 |    55 ||   133
Invok: Berserk           |     2 |     2 ||     4
       Trog's Hand       |       |     1 ||     1
Evoke: Wand              |       |     1 ||     1
  Use: Scroll            |     3 |     2 ||     5
       Potion            |       |     1 ||     1
  Eat: Ration            |     1 |     1 ||     2
Armor: Animal skin       |     1 |       ||     1
       Ring mail         |    37 |    20 ||    57
Dodge: Dodged            |    41 |     5 ||    46
Block: Tower shield      |     4 |    31 ||    35
